 Dungeon Crawl Stone Soup version 0.21-a0-241-g2cbab09 (webtiles) character file.

232 KristoblXynda the Chopper (level 5, -3/41 HPs)
             Began as a Draconian Gladiator on Sept 3, 2017.
             Was an Initiate of Ashenzari.
             Slain by a slave (4 damage)
             ... led by Pikel
             ... on level 3 of the Dungeon.
             The game lasted 00:05:00 (2599 turns).

KristoblXynda the Chopper (Draconian Gladiator)     Turns: 2599, Time: 00:05:02

Health: -3/41      AC:  6    Str: 18    XL:     5   Next: 73%
Magic:  5/5        EV: 13    Int:  8    God:    Ashenzari [......]
Gold:   146        SH:  0    Dex: 12    Spells: 4/4 levels left

rFire    . . .     SeeInvis .   a - +2 war axe
rCold    . . .     Gourm    .   (no shield)
rNeg     . . .     Faith    .   (armour unavailable)
rPois    .         Spirit   .   b - +0 hat
rElec    .         Reflect  .   (no cloak)
rCorr    .         Harm     .   (no gloves)
MR       .....                  k - +0 pair of boots (curse)
Stlth    +.........             (no amulet)
HPRegen  0.13/turn              (no ring)
MPRegen  0.09/turn              (no ring)

@: no status effects
A: unfitting armour, stinger 1, wild magic 1, cold-blooded, AC +5
a: Curse Item, Renounce Religion


You were on level 3 of the Dungeon.
You worshipped Ashenzari.
Ashenzari was noncommittal.
You were hungry.

You visited 1 branch of the dungeon, and saw 4 of its levels.

You collected 146 gold pieces.

Inventory:

Hand Weapons
 a - a +2 war axe (weapon)
Missiles
 c - 3 throwing nets (quivered)
Armour
 b - a +0 hat (worn)
 k - a cursed +0 pair of boots (worn)
Scrolls
 e - 2 scrolls of teleportation
Potions
 f - a potion of heal wounds
 g - a potion of curing
 l - a potion of might
 n - a potion of magic {unknown}
Comestibles
 d - 2 bread rations
 h - a royal jelly
 j - 3 chunks of flesh


   Skills:
 - Level 2.1 Fighting
 * Level 5.7 Axes
 - Level 2.0 Throwing
 + Level 3.8 Dodging


You had 4 spell levels left.
You didn't know any spells.

Dungeon Overview and Level Annotations

Branches:
Dungeon (4/15)
 Temple: D:4-7

Altars:
Ashenzari
Dithmenos
The Shining One

Annotations:
D:3 Pikel


Innate Abilities, Weirdness & Mutations

Your plain brown scales are hard. (AC +5)
You cannot fit into any form of body armour.
You are cold-blooded and may be slowed by cold attacks.
Your tail ends in a poisonous barb.
Your spells are a little harder to cast, but a little more powerful.


Message History

Pikel hits you with a whip of flaming! Pikel burns you.
Okay, then.
A slave comes into view.
The slave shouts!
You hear a howl!
Pikel barely misses you.
A slave comes into view.
A slave and a howler monkey come into view.
The slave shouts!
There is an escape hatch in the ceiling here.
The slave hits you. The slave completely misses you.
A mysterious force pulls you upwards. The hatch slams shut behind you.
Unknown command.
Pikel hits you with a whip of flaming!
* * * LOW HITPOINT WARNING * * *
Pikel burns you.
* * * LOW HITPOINT WARNING * * *
The slave hits you!
* * * LOW HITPOINT WARNING * * *
The slave hits you.
You die...

######## ### #......#
##.## #.####.#
##.#.#######@####.#
#.###.......Kp....######
##.#..###....#.........#
#..#.# #...p..##.####.#
#..#.# #......##.# #.#
#..#.# ##...####.# #.#
#....# #........# #.#
#.##.# #..#####.#
#.###### #.##.#
#........# ##.#.....


You could see Pikel and 2 slaves.

Vanquished Creatures
  3 orc priests (D:3)
  3 adders (D:3)
  3 gnolls (D:3)
  An ooze (D:2)
  2 worms (D:3)
  2 dart slugs
  2 leopard geckos (D:2)
  8 orcs (D:3)
  A giant cockroach (D:1)
  4 goblins
  12 hobgoblins
  2 jackals (D:1)
  2 quokkas
  8 bats
  4 frilled lizards
  6 kobolds
  5 rats
68 creatures vanquished.

Notes
Turn   | Place    | Note
-------+----------+-------------------------------------------
     0 | D:1      | KristoblXynda the Draconian Gladiator began the quest for the Orb.
     0 | D:1      | Reached XP level 1. HP: 17/17 MP: 1/1
   147 | D:1      | Reached XP level 2. HP: 19/24 MP: 2/2
   278 | D:1      | Reached XP level 3. HP: 17/29 MP: 3/3
   641 | D:1      | Reached skill level 4 in Axes
  1109 | D:2      | Found a glowing golden altar of the Shining One.
  1378 | D:3      | Found a shattered altar of Ashenzari.
  1384 | D:3      | Found a shadowy altar of Dithmenos.
  1399 | D:3      | Became a worshipper of Ashenzari the Shackled
  1515 | D:3      | Gained mutation: Your spells are a little harder to cast, but a little more powerful. [potion of mutation]
  1515 | D:3      | Gained mutation: Your tail ends in a poisonous barb. [potion of mutation]
  1523 | D:3      | Reached XP level 4. HP: 32/36 MP: 4/4
  1598 | D:3      | Reached skill level 5 in Axes
  1888 | D:3      | Reached XP level 5. HP: 41/41 MP: 5/5
  2570 | D:4      | Noticed Pikel
  2570 | D:4      | Noticed a slave
  2592 | D:4      | Noticed a slave
  2593 | D:4      | Noticed a slave
  2593 | D:4      | Noticed a slave
  2596 | D:3      | HP: 1/41 [slave[Pikel] (8)]
  2599 | D:3      | Slain by a slave

Vault maps used:
D:1:      giann_bridges, grunt_decor_arrowhead
D:2:      minmay_misc_feat_diagonals, tso_altar
D:3:      grunt_temple_overflow_open
D:4:      lemuel_crystal_altar, kennysheep_little_box,
          minmay_temple_entry_glassed_door, minmay_mini_jars, uniq_ijyb,
          uniq_pikel, uniq_robin

Skill      XL: |  1  2  3  4 |
---------------+-------------+-----
Throwing       | 2 |  2.0
Axes           | 4 5 |  5.7
Dodging        | 3 |  3.8
Fighting       | |  2.1

Action                   |  1- 3 |  4- 6 || total
-------------------------+-------+-------++-------
Melee: War axe           |   108 |    61 ||   169
       Tailslap          |     2 |     7 ||     9
Invok: Curse Item        |     1 |       ||     1
  Use: Scroll            |     4 |     5 ||     9
       Potion            |     3 |       ||     3
 Stab: Sleeping          |     1 |       ||     1
  Eat: Chunk             |     1 |     2 ||     3
       Royal jelly       |     1 |       ||     1
Armor: Skin              |    35 |    22 ||    57
Dodge: Dodged            |    91 |    41 ||   132

Table legend:
 A = Spawn XP
 B = Non-spawn XP
 C = Spawn XP percentage of total XP
 D = Spawn monster count
 E = Non-spawn monster count
 F = Spawn count percentage of total count
 G = Total turns spent on level
                    A         B        C        D         E        F      G
               +---------+---------+-------+---------+---------+-------+---------
         Total |     169 |     163 |  50.9 |      15 |      53 |  22.1 |  2599
               +---------+---------+-------+---------+---------+-------+---------
           D:1 |       5 |      41 |  10.9 |       3 |      22 |  12.0 |   662
           D:2 |       0 |      36 |   0.0 |       0 |      17 |   0.0 |   636
           D:3 |     164 |      86 |  65.6 |      12 |      14 |  46.2 |  1248
               +---------+---------+-------+---------+---------+-------+---------
